 Dungeon Crawl Stone Soup version 0.30-a0-591-g3c58d2bc28 (webtiles) character file.

Game seed: 8969027076294662290

67 Shayle the Poker (level 4, 34/34 HPs)
             Began as a Demonspawn Reaver on Jan 5, 2023.
             Quit the game on level 2 of the Dungeon.
             The game lasted 00:04:13 (1067 turns).

Shayle the Poker (Demonspawn Reaver)                Turns: 1067, Time: 00:04:13

Health: 34/34      AC:  5    Str: 18    XL:     4   Next: 0%
Magic:  7/7        EV: 12    Int: 16    God:
Gold:   57         SH:  0    Dex: 12    Spells: 6/7 levels left

rFire   . . .      SeeInvis .    a - +0 spear
rCold   . . .      Faith    .    (no shield)
rNeg    . . .      Spirit   .    b - +0 leather armour
rPois   .          Reflect  .    d - +2 hat
rElec   .          Harm     .    (no cloak)
rCorr   .          Rampage  .    (no gloves)
Will    .....                    (no boots)
Stlth   +                        (no amulet)
HPRegen 0.25/turn                f - +6 ring of strength
MPRegen 0.10/turn                (no ring)

@: no status effects
A: hooves 1, foul stench 1
a: no special abilities


You were on level 2 of the Dungeon.
You visited 1 branch of the dungeon, and saw 2 of its levels.

You collected 57 gold pieces.

Inventory:

Hand Weapons
 a - a +0 spear (weapon)
Armour
 b - a +0 leather armour (worn)
 d - a +2 hat (worn)
Jewellery
 f - a +6 ring of strength (left hand)
 j - a ring of ice
Scrolls
 e - a scroll of teleportation {unknown}
 g - 2 scrolls of identify {unknown}
Potions
 c - a potion of brilliance {unknown}
 h - a potion of attraction {unknown}
 i - a potion of curing {unknown}
 k - a potion of might {unknown}


   Skills:
 + Level 2.5 Fighting
 + Level 3.1 Polearms
 + Level 2.3 Dodging
 - Level 2.0 Spellcasting
 - Level 3.0 Conjurations
 + Level 1.5 Necromancy
 + Level 1.2 Earth Magic


You had 6 spell levels left.
You knew the following spells:

 Your Spells              Type           Power      Damage    Failure   Level
a - Kiss of Death         Conj/Necr      32%        2d7       10%         1

Your spell library contained the following spells:

 Spells                   Type           Power      Damage    Failure   Level
 Necrotise                Necr           24%        1d5       13%         1
 Sandblast                Erth           10%        2d5       14%         1
 Momentum Strike          Conj/Tloc      12%        3d8       21%         2
 Passwall                 Tmut/Erth      2%         N/A       28%         2
 Stone Arrow              Conj/Erth      16%        3d8       30%         3
 Hailstorm                Conj/Ice       6%         3d4       36%         3
 Vampiric Draining        Necr           6%         2d6       36%         3
 Agony                    Necr           6%         N/A       98%         5


Dungeon Overview and Level Annotations

Branches:
Dungeon (2/15)

Altars:


Innate Abilities, Weirdness & Mutations

You have large cloven feet.
You may rarely emit foul miasma when damaged in melee.


Message History

You see here an orange potion.
You closely miss the rat. The rat closely misses you.
You closely miss the rat. The rat barely misses you.
You hit the rat.
You kill the rat!
You see here a rat corpse.
k - an orange potion You pick up a book of Necromancy and begin reading...
You add the spells Necrotise, Vampiric Draining and Agony to your library.
You open the door.
A worm comes into view.
A worm is nearby!
Found a scroll labelled TUC GINISUYZXAO and 5 poisoned darts.
There is an open door here.
You hit the worm.
The worm is moderately wounded.
You barely miss the worm.
The worm is moderately wounded.
The worm barely misses you.
You hit the worm.
The worm is moderately wounded.
The worm closely misses you.
You hit the worm.
The worm is moderately wounded.
You hit the worm.
The worm is severely wounded.
The worm completely misses you.
You hit the worm.
The worm is almost dead.
You hit the worm but do no damage.
The worm is almost dead.
The worm closely misses you.
You hit the worm.
You kill the worm!
You have reached level 4!
You feel agile.
Your demonic ancestry asserts itself...
Your feet thicken and deform.
There is an open door here.
You see here a worm corpse.
Are you sure you want to abandon this character and quit the game? (Confirm with "yes".)

### ... (.....# ...
......# ... ...?..# ..
############# ......#
####...........# ......#
[..#...........# ......#
#........).....##......#
................@.......
...............##......#
...............# ......#
........†......# #######
...#...........#
...#...†.......#
...###.....####### ...#
#####........ ...#
#########


There were no monsters in sight!

Vanquished Creatures
  2 adders (D:2)
  2 worms (D:2)
  2 ball pythons (D:1)
  3 endoplasms
  3 giant cockroaches
  4 goblins
  4 hobgoblins (D:1)
  4 quokkas
  7 bats
  2 frilled lizards (D:1)
  4 kobolds
  3 rats
40 creatures vanquished.

Notes
Turn   | Place    | Note
-------+----------+-------------------------------------------
     0 | D:1      | Shayle the Demonspawn Reaver began the quest for the Orb.
     0 | D:1      | Reached XP level 1. HP: 16/16 MP: 3/3
   169 | D:1      | Gained mutation: You may rarely emit foul miasma when
                  | damaged in melee. [demonic ancestry]
   169 | D:1      | Reached XP level 2. HP: 21/22 MP: 5/5
   193 | D:1      | Found a faded altar of an unknown god.
   426 | D:1      | Reached skill level 1 in Necromancy
   533 | D:1      | Reached XP level 3. HP: 25/28 MP: 6/6
   792 | D:2      | Reached skill level 1 in Earth Magic
  1066 | D:2      | Gained mutation: You have large cloven feet. [demonic
                  | ancestry]
  1066 | D:2      | Reached XP level 4. HP: 34/34 MP: 7/7
  1067 | D:2      | Quit the game

Illustrated notes

Levels and vault maps discovered:
D:1:      minmay_arrival_glassed_features, layout_basic,
          shapermc_ecumenical_altar_notcrosses
D:2:      layout_basic, minmay_misc_feat_iff

Skill      XL: |  1  2  3 |
---------------+----------+-----
Dodging        | 2 |  2.3
Necromancy     | 1 |  1.5
Polearms       | 3 |  3.1
Earth Magic    | 1 |  1.2
Fighting       | |  2.5
Spellcasting   | |  2.0
Conjurations   | |  3.0

Action                   |  1- 3 |  4- 6 || total
-------------------------+-------+-------++-------
Melee: Spear             |   174 |       ||   174
       Punch             |     3 |       ||     3
Armor: Leather armour    |    75 |       ||    75
Dodge: Dodged            |   113 |       ||   113

Table legend: (Time is in decaauts)
 A = Elapsed time spent in this place.
 B = Non-inter-level travel time spent in this place.
 C = Inter-level travel time spent in this place.
 D = Time resting spent in this place.
 E = Time spent auto-exploring this place.
 F = Levels seen in this place.
 G = Mean time per level.
                   A        B        C        D        E       F      G
               +--------+--------+--------+--------+--------+-----+--------+
         Total |   1059 |   1038 |     21 |      5 |    631 |   2 |  529.5 |
       Dungeon |   1059 |   1038 |     21 |      5 |    631 |   2 |  529.5 |
               +--------+--------+--------+--------+--------+-----+--------+

Top non-repeatable levels by time:
     D:1: 745 daAuts
     D:2: 313 daAuts
